 Dungeon Crawl Stone Soup version 0.30.1-9-gdf580d7c3d (webtiles) character file.

Game seed: 16668736780296541926

1025 booth the Ruffian (level 8, 0/76 HPs)
             Began as a Troll Gladiator on Oct 20, 2023.
             Was a Follower of Okawaru.
             Constricted to death by Pikel (6 damage)
             ... on level 5 of the Dungeon on Oct 21, 2023.
             The game lasted 00:25:55 (4621 turns).

booth the Ruffian (Troll Gladiator)                 Turns: 4621, Time: 00:25:56

Health: 0/76       AC:  4    Str: 25    XL:     8   Next: 2%
Magic:  7/7        EV:  7    Int:  4    God:    Okawaru [*.....]
Gold:   201        SH:  0    Dex: 11    Spells: 7/7 levels left

rFire   . .          .
                       - Unarmed
rCold   . . .        (no shield)
rNeg    . . .        a - +0 robe
rPois   .            b - +0 hat
rElec   .            (no cloak)
rCorr   .            (gloves unavailable)
SInv    .            (boots unavailable)
Will    .....        (no amulet)
Stlth   +            (no ring)
HPRegen 1.12/turn    (no ring)
MPRegen 0.10/turn

%: no passive effects
@: grasped by roots, constricted
A: large, unfitting armour, claws 3, regeneration 1, shaggy fur 1, tough skin 1
a: Renounce Religion, Heroism


You were on level 5 of the Dungeon.
You worshipped Okawaru.
Okawaru was aware of your devotion.
You visited 2 branches of the dungeon, and saw 6 of its levels.

You collected 201 gold pieces.

Inventory:

Hand Weapons
 m - a +0 mace
Missiles
 c - 2 throwing nets (quivered)
Armour
 a - a +0 robe (worn)
 b - a +0 hat (worn)
Jewellery
 d - a +4 ring of protection
Wands
 k - a wand of digging (6)
Scrolls
 h - a scroll of silence
Potions
 e - 2 potions of brilliance
 f - 2 potions of mutation
 g - a potion of curing
 j - 2 potions of flight
 l - a potion of invisibility {unknown}
 n - a potion of degeneration {unknown}


   Skills:
 + Level 3.6 Fighting
 * Level 4.6 Throwing
 + Level 4.1 Dodging
 * Level 6.3 Unarmed Combat


You had 7 spell levels left.
You didn't know any spells.
Your spell library contained the following spells:

 Spells                   Type           Power      Damage    Failure   Level
 Cigotuvi's Dreadful Rot  Necr/Pois/Air  0%         N/A       65%         2
 Gell's Gravitas          Tloc           0%         N/A       86%         3
 Ignite Poison            Fire/Tmut/Pois 0%         N/A       86%         3
 Teleport Other           Tloc           0%         N/A       86%         3
 Freezing Cloud           Conj/Ice/Air   0%         6-21      100%        5
 Dispersal                Tloc           0%         N/A       100%        6


Dungeon Overview and Level Annotations

Branches:
Dungeon (5/15)             Temple (1/1) D:4

Altars:
Ashenzari
Cheibriados
Dithmenos
Elyvilon
Gozag
Hepliaklqana
Kikubaaqudgha
Makhleb
Nemelex Xobeh
Okawaru
Qazlal
Ru
Vehumet
Wu Jian
Xom
Yredelemnul

Shops:
D:5 =

Portals:
Sewer: D:5

Annotations:
D:3 2 transporters, ShellytheWitch's ghost, amateur KoBr
D:5 Eustachio; Pikel


Innate Abilities, Weirdness & Mutations

You are too large for most types of armour.
You have claws for hands.
Your natural rate of healing is unusually fast.
You are covered in fur. (AC +1)
You have tough skin. (AC +1)


Message History

Things that are here:
a +0 short sword; a +0 chain mail
Things that are here:
a +0 dagger; a +0 robe Pikel and 2 lemures come into view.
Pikel is wielding a +2 whip of electrocution and carrying a wand of roots (13).
Pikel shouts!
A lemure comes into view.
The lemure moves out of view.
The lemure shouts!
Pikel attacks as you move away! Pikel barely misses you.
You claw Pikel!
Pikel is moderately wounded.
Pikel hits you with a +2 whip of electrocution.
You claw Pikel!
Pikel is heavily wounded.
Pikel hits you with a +2 whip of electrocution.
You miss Pikel. Your claw misses Pikel.
Pikel is heavily wounded.
Pikel zaps a wand.
The roots erupt in riotous growth!
The grasping roots grab you!
Pikel is unaffected.
The grasping roots constrict you.
You hear an angry hiss.
You closely miss Pikel.
Pikel is heavily wounded.
Pikel hits you with a +2 whip of electrocution!
The grasping roots constrict you!
You scratch Pikel but do no damage.
Pikel is heavily wounded.
Pikel hits you with a +2 whip of electrocution.
You are electrocuted!
The grasping roots constrict you.
A lemure comes into view.
You closely miss Pikel.
Pikel is heavily wounded.
Pikel hits you with a +2 whip of electrocution!
* * * LOW HITPOINT WARNING * * *
You are electrocuted!
* * * LOW HITPOINT WARNING * * *
The grasping roots constrict you.
You die...

#.##..## #......#
#......# #.#.# .#
####...# #.#.# #. ##...#
#.#.# 5 ...## #....#
#.#.#.# #...##
#.#.......#.#.#5# #.>..
#.#.#######†#....###...#
#.#.# #.#5# #.##...#
#.#.# #@K5# #......#
#.#.# ###)###.##..#
#.#.# #)).......# #.#.#
###.####.## #.#.#
####.####.#
#.#.########.........#
#...............######
###?########.####
#..........#


You could see Pikel and 3 lemures.

Vanquished Creatures
  Sigmund (D:2)
  Duvessa (D:5)
  Blork the orc (D:5)
  A scorpion (D:5)
  Dowan (D:5)
  An orc priest (D:4)
  2 jellies
  4 hounds
  Jessica (D:3)
  2 sleepcaps (D:5)
  Natasha (thrice) (D:3)
  An orc wizard (D:4)
  6 gnolls
  6 adders
  A worm (D:2)
  2 dart slugs
  4 orcs
  6 ball pythons
  8 endoplasms
  2 giant cockroaches
  11 goblins
  7 hobgoblins
  6 jackals
  4 quokkas
  5 bats
  4 frilled lizards
  6 kobolds
  5 rats
102 creatures vanquished.

Notes
Turn   | Place    | Note
-------+----------+-------------------------------------------
     0 | D:1      | booth the Troll Gladiator began the quest for the Orb.
     0 | D:1      | Reached XP level 1. HP: 19/19 MP: 0/0
   100 | D:1      | Reached XP level 2. HP: 19/28 MP: 1/1
   627 | D:1      | Reached XP level 3. HP: 35/35 MP: 2/2
   901 | D:2      | Noticed Sigmund
  1439 | D:2      | Killed Sigmund
  1440 | D:2      | Reached skill level 4 in Unarmed Combat
  1440 | D:2      | Reached XP level 4. HP: 44/44 MP: 3/3
  1440 | D:2      | Reached XP level 5. HP: 50/50 MP: 4/4
  1649 | D:2      | Reached XP level 6. HP: 57/59 MP: 5/5
  2239 | D:3      | Noticed Natasha
  2247 | D:3      | Killed Natasha
  2403 | D:3      | Found an ancient bone altar of Kikubaaqudgha.
  2511 | D:3      | Noticed Natasha
  2520 | D:3      | Killed Natasha
  2521 | D:3      | Reached skill level 5 in Unarmed Combat
  2563 | D:3      | Noticed Jessica
  2650 | D:3      | Noticed Natasha
  2659 | D:3      | Killed Natasha
  2788 | D:3      | Found a transporter.
  2813 | D:3      | Noticed ShellytheWitch's ghost (amateur KoBr)
  2965 | D:3      | Found a transporter.
  3042 | D:3      | Found a snail-covered altar of Cheibriados.
  3374 | D:3      | Killed Jessica
  3554 | D:4      | Reached XP level 7. HP: 67/67 MP: 6/6
  3675 | D:4      | Found a staircase to the Ecumenical Temple.
  3681 | Temple   | Entered the Ecumenical Temple
  3956 | Temple   | Became a worshipper of Warmaster Okawaru
  4341 | D:5      | Entered Level 5 of the Dungeon
  4341 | D:5      | Noticed Eustachio
  4341 | D:5      | Found Zierul's Jewellery Shoppe.
  4368 | D:5      | Found a glowing drain.
  4495 | D:5      | Noticed Blork the orc
  4499 | D:5      | Killed Blork the orc
  4531 | D:5      | Reached skill level 6 in Unarmed Combat
  4549 | D:5      | Noticed Duvessa
  4567 | D:5      | Noticed Dowan
  4575 | D:5      | Killed Duvessa
  4575 | D:5      | Reached * piety under Okawaru
  4581 | D:5      | Killed Dowan
  4582 | D:5      | Reached XP level 8. HP: 44/76 MP: 7/7
  4613 | D:5      | Noticed Pikel
  4621 | D:5      | Constricted to death by Pikel

Illustrated notes

Levels and vault maps discovered:
D:1:      dpeg_arrival_round_b, layout_basic
D:2:      layout_basic, uniq_sigmund
D:3:      layout_basic, tgw_sif, lemuel_round_altar, general_overflow_altar,
          gammafunk_ghost_stat_death, uniq_natasha
D:4:      layout_rooms, minmay_temple_entry_enclosed_plants,
          minmay_strange_pillars, serial_bayou_lagoon_a, kennysheep_boxes
D:5:      layout_loops_ring, gup_sewer_entry_glass, serial_shops, shop, shop,
          uniq_pikel, uniq_duvessa, uniq_blork_the_orc, uniq_eustachio
Temple:   minmay_temple_curvy_branch

Skill      XL: |  1  2  3  4  5  6  7 |
---------------+----------------------+-----
Throwing       | 2 3 4 |  4.6
Fighting       | 2 3 |  3.6
Dodging        | 3 4 |  4.1
Unarmed Combat | 4 5 6 |  6.3

Action                     |  1- 3 |  4- 6 |  7- 9 || total
---------------------------+-------+-------+-------++-------
  Melee: Unarmed           |    80 |   101 |    94 ||   275
         Punch             |       |     2 |     2 ||     4
  Throw: Large rock        |     1 |     2 |       ||     3
         Throwing net      |     1 |     5 |       ||     6
         Stone             |       |     2 |       ||     2
    Use: Scroll            |     2 |     4 |     2 ||     8
         Potion            |     1 |     1 |     1 ||     3
   Stab: Held in net/web   |       |     2 |       ||     2
         Sleeping          |       |     1 |       ||     1
 Armour: Robe              |    26 |    31 |    13 ||    70
  Dodge: Dodged            |    29 |    40 |    39 ||   108
